 Dungeon Crawl Stone Soup version 0.27.1-16-g815e20cd7a (webtiles) character file.

Game seed: 5330584559584336954

256 riftmaster1123 the Chiller (level 5, 0/40 HPs)
             Began as a Draconian Ice Elementalist on Nov 21, 2021.
             Succumbed to a scorpion's poison
             ... on level 3 of the Dungeon.
             The game lasted 00:18:41 (2095 turns).

riftmaster1123 the Chiller (DrIE)                   Turns: 2095, Time: 00:18:41

Health: 0/40       AC:  5    Str: 10    XL:     5   Next: 92%
Magic:  8/9        EV: 12    Int: 17    God:
Gold:   65         SH:  0    Dex: 11    Spells: 3/10 levels left

rFire    . . .     SeeInvis .   b - +1 spear
rCold    . . .     Faith    .   (no shield)
rNeg     . . .     Spirit   .   (armour unavailable)
rPois    .         Reflect  .   (helmet restricted)
rElec    .         Harm     .   (no cloak)
rCorr    .         Rampage  .   (no gloves)
Will     .....                  (no boots)
Stlth    ++........             (no amulet)
HPRegen  0.13/turn              (no ring)
MPRegen  0.11/turn              (no ring)

@: lethally poisoned (0 -> -6), flying
A: AC +5, unfitting armour, cold-blooded
a: no special abilities


You were on level 3 of the Dungeon.
You visited 1 branch of the dungeon, and saw 3 of its levels.

You collected 65 gold pieces.

Inventory:

Hand Weapons
 b - a +1 spear (weapon)
 c - a +0 short sword
Missiles
 a - a throwing net (quivered)
 e - 11 poisoned darts
 f - 24 stones
Scrolls
 g - a scroll of fear
Potions
 d - a potion of attraction


   Skills:
 + Level 1.2 Fighting
 + Level 0.3 Short Blades
 + Level 1.0 Polearms
 * Level 3.1 Dodging
 + Level 2.5 Stealth
 + Level 3.0 Spellcasting
 * Level 5.3 Ice Magic


You had 3 spell levels left.
You knew the following spells:

 Your Spells              Type           Power      Damage    Failure   Level
a - Freeze                Ice            80%        1d9       1%          1
b - Frozen Ramparts       Ice            40%        1d6       6%          3
c - Ozocubu's Armour      Ice            20%        N/A       6%          3

Your spell library contained the following spells:

 Spells                   Type           Power      Damage    Failure   Level
 Hailstorm                Conj/Ice       11%        3d5       50%         4


Dungeon Overview and Level Annotations

Branches:
Dungeon (3/15)

Altars:
Kikubaaqudgha


Innate Abilities, Weirdness & Mutations

Your plain brown scales are hard. (AC +5)
You cannot fit into any form of body armour.
You are cold-blooded and may be slowed by cold attacks.


Message History

You hit the scorpion but do no damage.
The scorpion is heavily wounded.
The scorpion stings you but does no damage.
You hit the scorpion.
Your tail-slap misses the scorpion.
The scorpion is heavily wounded.
The scorpion closely misses you. The scorpion stings you.
You are poisoned.
The scorpion poisons you!
You hit the scorpion.
The scorpion is severely wounded.
You feel very sick. The scorpion stings you.
You are lethally poisoned!
The scorpion poisons you!
Casting: Freeze (safe; 1% risk of failure)
Confirm with . or Enter, or press ? or * to list all spells.
Aiming: Freeze (safe; 1% risk of failure)
Press: ? - help, Shift-Dir - straight line, f/p - scorpion
Aim: a scorpion (severely wounded)
You freeze the scorpion!
You kill the scorpion!
* * * LOW HITPOINT WARNING * * *
You feel very sick.
Your Polearms skill increases to level 1!
Your Dodging skill increases to level 3!
Sorry, you're not good enough to have a special ability.
* * * LOW HITPOINT WARNING * * *
You feel very sick.
It was a potion of flight.
You feel very buoyant.
You fly up into the air.
* * * LOW HITPOINT WARNING * * *
You feel very sick.
* * * LOW HITPOINT WARNING * * *
You feel sick.
There is an ancient bone altar of Kikubaaqudgha here.
You hover solemnly before the altar of Kikubaaqudgha.
* * * LOW HITPOINT WARNING * * *
You feel sick.
You die...

### ### ..#########..
#.........# #.≈≈≈≈≈§≈.#
#≈..≈≈≈@.≈#.#
#≈.≈...≈.≈#.#
#≈.§§_.≈.≈#.#
#≈§≈...≈.≈#.#
#≈.†≈≈≈..≈#.# ##
#.§≈§≈≈≈≈.#.# #.
########.#.........#.####
#.
..........#########.....#
#. .......### #........#
#.


There were no monsters in sight!

Vanquished Creatures
  A scorpion (D:3)
  An iguana (D:3)
  Natasha (twice) (D:2)
  4 gnolls (D:2)
  2 adders (D:2)
  A worm (D:3)
  2 dart slugs
  9 ball pythons
  5 endoplasms
  5 giant cockroaches
  4 goblins
  6 hobgoblins
  2 jackals (D:1)
  6 kobolds
  A quokka (D:3)
  4 bats
  5 frilled lizards
  7 rats
67 creatures vanquished.

Vanquished Creatures (others)
  11 plants (D:2)
11 creatures vanquished.

Grand Total: 78 creatures vanquished

Notes
Turn   | Place    | Note
-------+----------+-------------------------------------------
     0 | D:1      | riftmaster1123 the Draconian Ice Elementalist began the
                  | quest for the Orb.
     0 | D:1      | Reached XP level 1. HP: 14/14 MP: 3/3
   113 | D:1      | Reached XP level 2. HP: 15/20 MP: 1/5
   488 | D:1      | Reached XP level 3. HP: 19/26 MP: 4/6
   515 | D:1      | Learned a level 3 spell: Frozen Ramparts
   766 | D:2      | Noticed Natasha
   769 | D:2      | Killed Natasha
   794 | D:2      | Found a faded altar of an unknown god.
   890 | D:2      | Reached XP level 4. HP: 28/33 MP: 1/8
   929 | D:2      | Reached skill level 5 in Ice Magic
  1604 | D:2      | Reached XP level 5. HP: 39/39 MP: 7/9
  1609 | D:2      | Learned a level 3 spell: Ozocubu's Armour
  1747 | D:2      | Noticed Natasha
  1755 | D:2      | Killed Natasha
  1756 | D:2      | Reached skill level 1 in Fighting
  2074 | D:3      | Found an ancient bone altar of Kikubaaqudgha.
  2091 | D:3      | Reached skill level 1 in Polearms
  2094 | D:3      | HP: 2/40 [poisoned by a scorpion]
  2095 | D:3      | Succumbed to a scorpion's poison

Illustrated notes

Levels and vault maps discovered:
D:1:      minmay_arrival_split_and_join, layout_basic
D:2:      layout_basic, dilly_ecumenical_altar_fadedgnrine, nrook_loot_triangle,
          uniq_natasha
D:3:      layout_rooms, mainiacjoe_overflow_paths

Skill      XL: |  1  2  3  4  5 |
---------------+----------------+-----
Stealth        | 2 |  2.5
Dodging        | 2 3 |  3.1
Ice Magic      | 5 |  5.3
Fighting       | 1 |  1.2
Spellcasting   | 3 |  3.0
Polearms       | 1 |  1.0
Short Blades   | |  0.3

Action                   |  1- 3 |  4- 6 || total
-------------------------+-------+-------++-------
Melee: Unarmed           |    11 |       ||    11
       Club              |     4 |       ||     4
       Tailslap          |     6 |     6 ||    12
       Short sword       |    54 |     3 ||    57
       Spear             |       |    93 ||    93
Throw: Throwing net      |       |     1 ||     1
 Cast: Freeze            |    29 |    11 ||    40
       Frozen Ramparts   |     1 |     1 ||     2
  Use: Scroll            |     1 |     1 ||     2
       Potion            |     3 |     2 ||     5
 Stab: Sleeping          |     3 |     6 ||     9
       Held in net/web   |       |     2 ||     2
Armor: Skin              |    40 |    34 ||    74
Dodge: Dodged            |    78 |    61 ||   139
